AoeStats
← Mycorrhizal

Arabia

509945274Analyzed
3v3 RM · 3d ago on Sep 28, 2026· 27m 34s· 6 players
Game mode
Random Map
Map size
Normal (6 player)
Population
200
Speed
Normal
Resources
Standard
Victory
Conquest
Starting age
Dark Age
Ending age
Imperial Age
RankedLock teamsTeams togetherTeam positionsShared explorationLock speedFull tech treeHidden civsTurbo modeCheats
Victory
Defeat
🇨🇦 Ethiopians · Canada
1481
+12
🇨🇦 Britons · Canada
1427
+14
🇵🇪 Cumans · Peru
1370
+17
🇧🇷 Mongols · Brazil
1423
-16
🇧🇷 Vikings · Brazil
1380
-14
🇧🇷 Saracens · Brazil
1366
-13
Mycorrhizal
7:10 Loom
9:10 Feudal Age
17:07 Fletching
17:58 Double-Bit Axe
18:44 Padded Archer Armor
20:12 Gold Mining
25:25 Castle Age
23:44 Stone Mining
25:30 Crossbowman
26:06 Bodkin Arrow
27:03 Leather Archer Armor
28:14 Ballistics
ミーム大好き
6:56 Loom
9:08 Feudal Age
10:11 Double-Bit Axe
11:28 Horse Collar
18:56 Castle Age
18:07 Padded Archer Armor
18:59 Fletching
19:55 Bodkin Arrow
19:55 Crossbowman
25:35 Ballistics
26:32 Wheelbarrow
28:07 Leather Archer Armor
Joestar
6:33 Loom
9:22 Feudal Age
24:57 Wheelbarrow
25:18 Horse Collar
25:35 Double-Bit Axe
29:05 Castle Age
27:41 Forging
27:37 Scale Barding Armor
SirT_Maji
1:13 Loom
6:47 Loom
9:18 Feudal Age
10:06 Double-Bit Axe
19:23 Bloodlines
19:32 Horse Collar
20:06 Forging
24:11 Castle Age
22:56 Scale Barding Armor
25:48 Iron Casting
25:33 Husbandry
Karzul
6:31 Loom
9:03 Feudal Age
12:39 Fletching
21:11 Castle Age
20:44 Double-Bit Axe
21:14 Crossbowman
21:49 Bodkin Arrow
21:57 Padded Archer Armor
25:44 Bow Saw
25:16 Horse Collar
26:09 Gold Mining
jesseytf
8:12 Feudal Age
7:11 Loom
8:50 Double-Bit Axe
21:08 Town Watch
22:03 Scale Barding Armor
27:21 Castle Age
26:42 Forging
Connection lost

Rejoining the realm…

Still unreachable

The connection could not be restored.

Session expired

The server has moved on; the page needs a fresh start.